Comets vs Whale

Created - Saturday, December 05, 2015 at 02:02

Goals
1 2 3 T
Comets 1 0 0 1
Whale 0 0 0 0
Shots
1 2 3 T
Comets 10 5 12 27
Whale 3 11 1 15

1st period

1. Comets , Sven Baertschi 5 (Keith Ballard) at 13:45 (PP)

Penalties :
Alan Quine (CON) for Fighting (Major) at 1:35, Ben Hanowski (UTI) for Fighting (Major) at 1:35, Derek Meech (UTI) for Hooking (Minor) at 5:41, Nick Tarnasky (CON) for Fighting (Major) at 11:50, Jared Boll (UTI) for Fighting (Major) at 11:50, Corey Tropp (CON) for Fighting (Major) at 12:34, Corbin McPherson (UTI) for Fighting (Major) at 12:34, Corey Tropp (CON) for instigated a fight (Minor) at 12:34, Corey Tropp (CON) for instigated a fight (10 Minutes Misconduct) at 12:34, Nick Tarnasky (CON) for Fighting (Major) at 18:14, Ben Hanowski (UTI) for Fighting (Major) at 18:14

2nd period

No Goal

Penalties :
FARM PLAYER26 (CON) for Hooking (Minor) at 1:39, Mark Pysyk (UTI) for Holding (Minor) at 9:16, Dylan McIlrath (UTI) for Hooking (Minor) at 12:12

3rd period

No Goal

Penalties :
Brent Regner (CON) for Hooking (Minor) at 1:15, FARM PLAYER16 (CON) for Hooking (Minor) at 19:45

Goalie Stats

Mike Condon (UTI), 15 saves from 15 shots - (1.000), W, 14-9-4, 60:00 minutes
Louis Domingue (CON), 26 saves from 27 shots - (0.963), L, 2-2-2, 60:00 minutes

Players Stats for Comets

Player Name              G  A  P  +/- PIM S  H  SB GA TA FO     MP     PP MP  PK MP  
------------------------------------------------------------------------------------
Andrew Ference           0  0  0   0  0   5  2  2  0  2  0/0    26:27   3:22   4:49 
Ben Hanowski             0  0  0   0  10  0  1  0  2  1  0/8    14:01   0:00   0:30 
Brendan Gaunce           0  0  0   0  0   1  0  0  1  0  0/0    11:49   0:00   2:21 
Corbin McPherson         0  0  0   0  5   0  2  0  1  1  0/0    14:54   0:00   0:00 
Derek Meech              0  0  0   0  2   0  2  1  0  3  0/0    17:09   0:00   1:49 
Dylan McIlrath           0  0  0   0  2   0  2  1  0  0  0/0    15:13   0:00   0:00 
Jared Boll               0  0  0   0  5   3  2  1  2  2  1/2    15:36   2:05   0:00 
Jeremy Welsh             0  0  0   0  0   1  0  0  0  1  0/0    17:51   2:35   0:00 
John Scott               0  0  0   0  0   0  7  0  2  1  4/8    21:03   2:48   2:41 
Keith Ballard            0  1  1   0  0   3  1  1  0  1  0/0    20:57   3:22   3:22 
Landon Ferraro           0  0  0   0  0   0  0  0  0  2  0/0    16:55   0:30   1:22 
Mark Pysyk               0  0  0   0  2   2  1  1  0  0  0/0    19:22   2:01   1:54 
Mike Sislo               0  0  0   0  0   1  3  1  2  0  0/0    16:33   2:48   1:22 
Nicklas Jensen           0  0  0   0  0   2  0  0  0  1  0/0    14:08   0:00   0:00 
Scott Glennie            0  0  0   0  0   0  4  0  0  0  2/6     9:02   0:00   0:00 
Sven Baertschi           1  0  1   0  0   7  1  0  10 1  4/10   17:51   2:35   0:00 
Tyler Kennedy            0  0  0   0  0   2  3  0  3  0  2/7    19:21   2:48   4:08 
Yann Sauve               0  0  0   0  0   0  0  0  0  0  0/0     6:14   2:01   0:00 

Players Stats for Whale

Player Name              G  A  P  +/- PIM S  H  SB GA TA FO     MP     PP MP  PK MP  
------------------------------------------------------------------------------------
Alan Quine               0  0  0   0  5   2  2  0  0  1  3/5    14:22   0:23   0:00 
Brendan Ranford          0  0  0   0  0   1  0  1  0  0  1/1    12:18   0:00   0:00 
Brendan Woods            0  0  0   0  0   3  4  2  0  1  4/7    14:25   0:00   0:00 
Brennan Evans            0  0  0   0  0   0  3  1  0  1  0/0    25:42   3:41   3:05 
Brent Regner             0  0  0   0  2   1  1  0  1  1  0/0    25:13   3:41   2:12 
Corey Tropp              0  0  0   0  17  1  0  1  5  1  0/0    14:07   2:33   0:21 
Darren Dietz             0  0  0   0  0   1  2  1  1  0  0/0    19:38   2:16   2:18 
Ethan Werek              0  0  0   0  0   0  0  1  2  0  5/5     8:07   0:00   0:00 
FARM PLAYER1             0  0  0   0  0   1  0  1  0  1  0/0    20:11   2:16   2:23 
FARM PLAYER16            0  0  0   0  2   0  0  0  0  0  0/0    16:44   0:00   0:16 
FARM PLAYER26            0  0  0   0  2   0  0  0  0  1  0/0    16:35   0:00   0:53 
Iiro Pakarinen           0  0  0   0  0   2  2  0  3  1  0/1    18:58   3:24   0:00 
John McCarthy            0  0  0   0  0   1  1  0  3  0  1/1    18:58   3:24   0:00 
Matt Halischuk           0  0  0   0  0   0  1  0  1  0  1/1    19:46   2:33   4:30 
Nick Tarnasky            0  0  0   0  10  0  2  0  1  0  0/1    10:14   0:00   0:25 
Pierre-Edouard Bellemare 0  0  0   0  0   1  1  1  3  3  3/7    19:10   2:10   4:30 
Shane Prince             0  0  0   0  0   1  0  1  1  0  10/12  20:11   3:24   0:48 
Tomas Nosek              0  0  0   0  0   0  0  0  0  0  0/0     0:00   0:00   0:00 

3 Stars

1 - Louis Domingue (CON)
2 - Mike Condon (UTI)
3 - Sven Baertschi (UTI)

Power Play

Comets - 1 on 4 Attempt(s) - 25.00%
Whale - 0 on 3 Attempt(s) - 0.00%

Penalty Kill

Comets - 3 on 3 Attempt(s) - 100.00% - Score 0 goal in Penalty Kill
Whale - 3 on 4 Attempt(s) - 75.00% - Score 0 goal in Penalty Kill

Team Stat

Comets - Hits : 31 - Faceoff Wins : 13 - Blocked Shots : 8 - Penalty Minutes : 26
Whale - Hits : 19 - Faceoff Wins : 28 - Blocked Shots : 10 - Penalty Minutes : 38

Official

Referees : Unknown
Linesman : Unknown

Game Notes

Alan Quine beats up Ben Hanowski at 1:35 of 1st period
Nick Tarnasky and Jared Boll fight to a draw at 11:50 of 1st period
Corey Tropp and Corbin McPherson fight to a draw at 12:34 of 1st period
Nick Tarnasky and Ben Hanowski fight to a draw at 18:14 of 1st period

Finance

Level 1 -- Attendance: 1562 (78.10%) -- Ticket Income $62,480
Level 2 -- Attendance: 734 (73.40%) -- Ticket Income $14,680
Total Attendance: 2296 (76.53%)
Total Ticket Income: $77,160
Other Income: $37,808
Total Income: $114,968

Comets

5 vs 5 Forward 
   Center                   Left Wing                Right Wing               Time % Phy DF OF 
 1 Tyler Kennedy            John Scott               Mike Sislo               35     1   2  2  
 2 Sven Baertschi           Jared Boll               Jeremy Welsh             30     1   2  2  
 3 Ben Hanowski             Landon Ferraro           Nicklas Jensen           22     1   2  2  
 4 Scott Glennie            Brendan Gaunce           John Scott               13     1   2  2  

5 vs 5 Defense 
   Defense                  Defense                                           Time % Phy DF OF 
 1 Andrew Ference           Keith Ballard                                     35     1   2  2  
 2 Mark Pysyk               Derek Meech                                       30     1   2  2  
 3 Corbin McPherson         Dylan McIlrath                                    22     1   2  2  
 4 Yann Sauve               Andrew Ference                                    13     1   2  2  

PowerPlay Forward 
   Center                   Left Wing                Right Wing               Time % Phy DF OF 
 1 John Scott               Tyler Kennedy            Mike Sislo               60     1   2  2  
 2 Jared Boll               Sven Baertschi           Jeremy Welsh             40     1   2  2  

PowerPlay Defense
   Defense                  Defense                                           Time % Phy DF OF 
 1 Andrew Ference           Keith Ballard                                     60     1   2  2  
 2 Mark Pysyk               Yann Sauve                                        40     1   2  2  

Penalty Kill 4 Players Forward 
   Center                   Wing                     Time % Phy DF OF 
 1 John Scott               Tyler Kennedy            60     1   2  2  
 2 Mike Sislo               Landon Ferraro           40     1   2  2  

Penalty Kill 4 Players Defense
   Defense                  Defense                  Time % Phy DF OF 
 1 Andrew Ference           Keith Ballard            60     1   2  2  
 2 Derek Meech              Mark Pysyk               40     1   2  2  

Penalty Kill - 3 Players Forward 
   Forward                                           Time % Phy DF OF 
 1 Tyler Kennedy                                     60     1   2  2  
 2 Scott Glennie                                     40     1   2  2  

Penalty Kill - 3 Players Defense
   Defense                  Defense                  Time % Phy DF OF 
 1 Andrew Ference           John Scott               60     1   2  2  
 2 Dylan McIlrath           Keith Ballard            40     1   2  2  

4 vs 4 Forward 
   Center                   Wing                     Time % Phy DF OF 
 1 John Scott               Mike Sislo               60     1   2  2  
 2 Ben Hanowski             Nicklas Jensen           40     1   2  2  

4 vs 4 Defense
   Defense                  Defense                  Time % Phy DF OF 
 1 Keith Ballard            Andrew Ference           60     1   2  2  
 2 Corbin McPherson         Derek Meech              40     1   2  2  

Last Minutes Offensive
   Center                   Left Wing                Right Wing               Defense                  Defense                  
   Tyler Kennedy            John Scott               Mike Sislo               Andrew Ference           Keith Ballard            

Last Minutes Defensive
   Center                   Left Wing                Right Wing               Defense                  Defense                  
   Tyler Kennedy            John Scott               Mike Sislo               Andrew Ference           Keith Ballard            

Goaltenders
Starting : Mike Condon              
Backup : Scott Wedgewood          

Extra Forwards
Normal : Tyler Kennedy, Mike Sislo, Sven Baertschi - PP : Jared Boll, Jeremy Welsh - PK : Brendan Gaunce
Extra Defensemen
Normal : John Scott, Corbin McPherson, Dylan McIlrath - PP : Yann Sauve - PK : Keith Ballard, Andrew Ference
Penalty Shots
Tyler Kennedy, Mike Sislo, Sven Baertschi, Jared Boll, Jeremy Welsh

Whale

5 vs 5 Forward 
   Center                   Left Wing                Right Wing               Time % Phy DF OF 
 1 Brendan Woods            Matt Halischuk           Corey Tropp              35     1   2  2  
 2 Shane Prince             John McCarthy            Iiro Pakarinen           30     1   2  2  
 3 Alan Quine               Brendan Ranford          Pierre-Edouard Bellemare 22     1   2  2  
 4 Ethan Werek              Nick Tarnasky            Pierre-Edouard Bellemare 13     1   2  2  

5 vs 5 Defense 
   Defense                  Defense                                           Time % Phy DF OF 
 1 Brent Regner             Brennan Evans                                     35     1   2  2  
 2 Darren Dietz             FARM PLAYER1                                      30     1   2  2  
 3 FARM PLAYER16            FARM PLAYER26                                     22     1   2  2  
 4 Brent Regner             Brennan Evans                                     13     1   2  2  

PowerPlay Forward 
   Center                   Left Wing                Right Wing               Time % Phy DF OF 
 1 Pierre-Edouard Bellemare Matt Halischuk           Corey Tropp              60     1   2  2  
 2 Shane Prince             John McCarthy            Iiro Pakarinen           40     1   2  2  

PowerPlay Defense
   Defense                  Defense                                           Time % Phy DF OF 
 1 Brent Regner             Brennan Evans                                     60     1   2  2  
 2 Darren Dietz             FARM PLAYER1                                      40     1   2  2  

Penalty Kill 4 Players Forward 
   Center                   Wing                     Time % Phy DF OF 
 1 Pierre-Edouard Bellemare Matt Halischuk           60     1   2  2  
 2 Shane Prince             Corey Tropp              40     1   2  2  

Penalty Kill 4 Players Defense
   Defense                  Defense                  Time % Phy DF OF 
 1 Brent Regner             Brennan Evans            60     1   2  2  
 2 Darren Dietz             FARM PLAYER1             40     1   2  2  

Penalty Kill - 3 Players Forward 
   Forward                                           Time % Phy DF OF 
 1 Pierre-Edouard Bellemare                          60     1   2  2  
 2 Matt Halischuk                                    40     1   2  2  

Penalty Kill - 3 Players Defense
   Defense                  Defense                  Time % Phy DF OF 
 1 Brent Regner             Brennan Evans            60     1   2  2  
 2 Darren Dietz             FARM PLAYER1             40     1   2  2  

4 vs 4 Forward 
   Center                   Wing                     Time % Phy DF OF 
 1 Pierre-Edouard Bellemare Matt Halischuk           60     1   2  2  
 2 Shane Prince             Corey Tropp              40     1   2  2  

4 vs 4 Defense
   Defense                  Defense                  Time % Phy DF OF 
 1 Brent Regner             Brennan Evans            60     1   2  2  
 2 Darren Dietz             FARM PLAYER1             40     1   2  2  

Last Minutes Offensive
   Center                   Left Wing                Right Wing               Defense                  Defense                  
   Pierre-Edouard Bellemare Matt Halischuk           Corey Tropp              Brent Regner             Brennan Evans            

Last Minutes Defensive
   Center                   Left Wing                Right Wing               Defense                  Defense                  
   Pierre-Edouard Bellemare Matt Halischuk           Corey Tropp              Brent Regner             Brennan Evans            

Goaltenders
Starting : Louis Domingue           
Backup : Calvin Pickard           

Extra Forwards
Normal : Alan Quine, Brendan Ranford, Nick Tarnasky - PP : Alan Quine, Brendan Ranford - PK : Nick Tarnasky
Extra Defensemen
Normal : FARM PLAYER16, FARM PLAYER26, Darren Dietz - PP : FARM PLAYER16 - PK : FARM PLAYER26, Darren Dietz
Penalty Shots
Pierre-Edouard Bellemare, Matt Halischuk, Shane Prince, Corey Tropp, Alan Quine

% Time on Ice - Comets

Lines # - Real PCT - Wanted PCT - Time Play
Normal Forward
1 - 18% - 35% - 8:49
2 - 34% - 30% - 16:11
3 - 29% - 22% - 14:08
4 - 19% - 13% - 9:02
Normal Defense
1 - 29% - 35% - 13:52
2 - 31% - 30% - 14:54
3 - 32% - 22% - 15:11
4 - 9% - 13% - 4:13
PP Forward
1 - 52% - 60% - 2:48
2 - 48% - 40% - 2:35
PP Defense
1 - 63% - 60% - 3:22
2 - 37% - 40% - 2:01
PK Forward
1 - 77% - 60% - 4:35
2 - 23% - 40% - 1:22
PK Defense
1 - 54% - 60% - 3:13
2 - 46% - 40% - 2:44
PK3 Forward
1 - 0% - 60%
2 - 0% - 40%
PK3 Defense
1 - 0% - 60%
2 - 0% - 40%
44 Forward
1 - 0% - 60%
2 - 0% - 40%
44 Defense
1 - 0% - 60%
2 - 0% - 40%
Last Minute Offensive  - 0:00
Last Minute Defensive  - 0:30
Total
Forward - 60:00
Defense - 60:00

% Time on Ice - Whale

Lines # - Real PCT - Wanted PCT - Time Play
Normal Forward
1 - 31% - 35% - 14:57
2 - 33% - 30% - 15:59
3 - 20% - 22% - 9:37
4 - 17% - 13% - 8:07
Normal Defense
1 - 33% - 35% - 16:02
2 - 31% - 30% - 15:04
3 - 30% - 22% - 14:40
4 - 6% - 13% - 2:54
PP Forward
1 - 43% - 60% - 2:33
2 - 57% - 40% - 3:24
PP Defense
1 - 62% - 60% - 3:41
2 - 38% - 40% - 2:16
PK Forward
1 - 85% - 60% - 4:35
2 - 15% - 40% - 0:48
PK Defense
1 - 57% - 60% - 3:05
2 - 43% - 40% - 2:18
PK3 Forward
1 - 0% - 60%
2 - 0% - 40%
PK3 Defense
1 - 0% - 60%
2 - 0% - 40%
44 Forward
1 - 0% - 60%
2 - 0% - 40%
44 Defense
1 - 0% - 60%
2 - 0% - 40%
Last Minute Offensive  - 0:00
Last Minute Defensive  - 0:00
Total
Forward - 60:00
Defense - 60:00

Play by Play

1st period


0:01 of 1st period - Brendan Woods wins face-off versus Tyler Kennedy in neutral zone.
0:27 of 1st period - Snap shot by Tyler Kennedy.
0:27 of 1st period - Shot Blocked by Brennan Evans.
0:46 of 1st period - Wrist shot by Sven Baertschi.
0:46 of 1st period - Stopped by Louis Domingue with a rebound.
1:22 of 1st period - Wrist shot by Shane Prince.
1:22 of 1st period - Shot Blocked by Jared Boll.
1:24 of 1st period - Slapshot by FARM PLAYER1.
1:24 of 1st period - Stopped by Mike Condon without a rebound.
1:25 of 1st period - Alan Quine wins face-off versus Ben Hanowski in Comets zone.
1:35 of 1st period - Alan Quine beats up Ben Hanowski.
1:35 of 1st period - Penalty to Alan Quine for Fighting.
1:35 of 1st period - Penalty to Ben Hanowski for Fighting.
1:36 of 1st period - Ethan Werek wins face-off versus Scott Glennie in Comets zone.
1:53 of 1st period - Andrew Ference is hit by Nick Tarnasky and loses puck.
2:09 of 1st period - Backhand shot by Andrew Ference.
2:09 of 1st period - Shot Misses the Net.
2:11 of 1st period - Snap shot by Andrew Ference.
2:11 of 1st period - Shot Blocked by Pierre-Edouard Bellemare.
2:13 of 1st period - Snap shot by Brendan Gaunce.
2:13 of 1st period - Shot Misses the Net.
2:28 of 1st period - Pierre-Edouard Bellemare is hit by Tyler Kennedy and loses puck.
3:26 of 1st period - Snap shot by Jared Boll.
3:26 of 1st period - Shot Blocked by Shane Prince.
3:32 of 1st period - Snap shot by Jeremy Welsh.
3:32 of 1st period - Shot Misses the Net.
3:34 of 1st period - Slapshot by Mark Pysyk.
3:34 of 1st period - Stopped by Louis Domingue with a rebound.
3:56 of 1st period - Tyler Kennedy is hit by Brendan Woods.
4:20 of 1st period - Slapshot by Mike Sislo.
4:20 of 1st period - Stopped by Louis Domingue with a rebound.
4:22 of 1st period - Wrist shot by Landon Ferraro.
4:22 of 1st period - Shot Blocked by FARM PLAYER1.
4:24 of 1st period - Backhand shot by Andrew Ference.
4:24 of 1st period - Shot Blocked by Brendan Woods.
4:26 of 1st period - Slapshot by Keith Ballard.
4:26 of 1st period - Shot Blocked by Brendan Woods.
4:38 of 1st period - Brendan Woods is hit by Scott Glennie and loses puck.
5:32 of 1st period - Wrist shot by Shane Prince.
5:32 of 1st period - Shot Misses the Net.
5:41 of 1st period - Minor Penalty to Derek Meech for Hooking.
5:42 of 1st period - Shane Prince wins face-off versus John Scott in Comets zone.
6:22 of 1st period - Snap shot by Pierre-Edouard Bellemare.
6:22 of 1st period - Stopped by Mike Condon with a rebound.
6:35 of 1st period - Penalty to Ben Hanowski is over, Ben Hanowski is back on ice.
6:40 of 1st period - John McCarthy is hit by Tyler Kennedy.
6:56 of 1st period - Andrew Ference is hit by Iiro Pakarinen and loses puck.
7:20 of 1st period - Snap shot by Alan Quine.
7:20 of 1st period - Shot Blocked by Mike Sislo.
7:41 of 1st period - Penalty to Derek Meech is over, Derek Meech is back on ice.
7:50 of 1st period - Brent Regner is hit by Derek Meech and loses puck.
8:02 of 1st period - Icing by Mike Sislo.
8:03 of 1st period - Sven Baertschi wins face-off versus Alan Quine in Comets zone.
8:20 of 1st period - Wrist shot by Sven Baertschi.
8:20 of 1st period - Stopped by Louis Domingue with a rebound.
8:22 of 1st period - Slapshot by Corbin McPherson.
8:22 of 1st period - Shot Misses the Net.
8:25 of 1st period - Icing by Brendan Ranford.
8:26 of 1st period - Alan Quine wins face-off versus Ben Hanowski in Whale zone.
9:41 of 1st period - Nicklas Jensen is hit by Brendan Woods and loses puck.
10:10 of 1st period - John McCarthy is hit by Jared Boll.
10:51 of 1st period - Slapshot by Keith Ballard.
10:51 of 1st period - Stopped by Louis Domingue with a rebound.
11:26 of 1st period - Nick Tarnasky is hit by John Scott and loses puck.
11:31 of 1st period - Snap shot by Mike Sislo.
11:31 of 1st period - Shot Misses the Net.
11:50 of 1st period - Nick Tarnasky and Jared Boll fight to a draw.
11:50 of 1st period - Penalty to Nick Tarnasky for Fighting.
11:50 of 1st period - Penalty to Jared Boll for Fighting.
11:51 of 1st period - Sven Baertschi wins face-off versus Shane Prince in neutral zone.
12:34 of 1st period - Corey Tropp and Corbin McPherson fight to a draw.
12:34 of 1st period - Penalty to Corey Tropp for Fighting.
12:34 of 1st period - Penalty to Corbin McPherson for Fighting.
12:34 of 1st period - Penalty to Corey Tropp for instigated a fight.
12:34 of 1st period - Penalty to Corey Tropp for instigated a fight.
12:35 of 1st period - John Scott wins face-off versus Pierre-Edouard Bellemare in Comets zone.
12:44 of 1st period - Slapshot by Keith Ballard.
12:44 of 1st period - Deflect By Tyler Kennedy.
12:44 of 1st period - Stopped by Louis Domingue without a rebound.
12:45 of 1st period - John Scott wins face-off versus Pierre-Edouard Bellemare in Whale zone.
13:40 of 1st period - Pierre-Edouard Bellemare is hit by Sven Baertschi and loses puck.
13:45 of 1st period - Snap shot by Sven Baertschi.
13:45 of 1st period - Goal by Sven Baertschi - Comets : 1 - Whale : 0.
13:46 of 1st period - Shane Prince wins face-off versus Ben Hanowski in neutral zone.
14:06 of 1st period - Snap shot by Nicklas Jensen.
14:06 of 1st period - Stopped by Louis Domingue with a rebound.
14:36 of 1st period - Darren Dietz is hit by Tyler Kennedy and loses puck.
14:45 of 1st period - Mike Sislo is hit by Darren Dietz and loses puck.
15:16 of 1st period - Snap shot by Andrew Ference.
15:16 of 1st period - Stopped by Louis Domingue with a rebound.
15:18 of 1st period - Slapshot by Jeremy Welsh.
15:18 of 1st period - Stopped by Louis Domingue without a rebound.
15:19 of 1st period - Ethan Werek wins face-off versus Sven Baertschi in Whale zone.
15:56 of 1st period - Off-side.
15:57 of 1st period - Shane Prince wins face-off versus Ben Hanowski in neutral zone.
16:56 of 1st period - Brendan Ranford is hit by Andrew Ference and loses puck.
17:05 of 1st period - Icing by Andrew Ference.
17:06 of 1st period - Ethan Werek wins face-off versus Scott Glennie in Comets zone.
17:19 of 1st period - Pierre-Edouard Bellemare is hit by Scott Glennie.
18:03 of 1st period - Wrist shot by Brendan Ranford.
18:03 of 1st period - Shot Misses the Net.
18:14 of 1st period - Nick Tarnasky and Ben Hanowski fight to a draw.
18:14 of 1st period - Penalty to Nick Tarnasky for Fighting.
18:14 of 1st period - Penalty to Ben Hanowski for Fighting.
18:15 of 1st period - Shane Prince wins face-off versus Sven Baertschi in Comets zone.
18:20 of 1st period - Wrist shot by Iiro Pakarinen.
18:20 of 1st period - Deflect By Shane Prince.
18:20 of 1st period - Stopped by Mike Condon without a rebound.
18:21 of 1st period - Sven Baertschi wins face-off versus Iiro Pakarinen in Comets zone.
18:21 of 1st period - Sven Baertschi is hit by Brennan Evans.
18:33 of 1st period - Snap shot by Sven Baertschi.
18:33 of 1st period - Deflect By Jared Boll.
18:33 of 1st period - Shot Misses the Net.
18:33 of 1st period - Puck is out of play.
18:34 of 1st period - Shane Prince wins face-off versus Sven Baertschi in Whale zone.
19:56 of 1st period - Yann Sauve is hit by Brennan Evans and loses puck.
Goals for this period are 1 for Comets vs 0 for Whale.
Shots for this period are 10 for Comets vs 3 for Whale.

2nd period


0:01 of 2nd period - Tyler Kennedy wins face-off versus Brendan Woods in neutral zone.
0:15 of 2nd period - Snap shot by Brendan Woods.
0:15 of 2nd period - Stopped by Mike Condon without a rebound.
0:16 of 2nd period - Matt Halischuk wins face-off versus John Scott in Comets zone.
0:44 of 2nd period - Icing by Keith Ballard.
0:45 of 2nd period - Shane Prince wins face-off versus Tyler Kennedy in Comets zone.
0:56 of 2nd period - Wrist shot by Iiro Pakarinen.
0:56 of 2nd period - Stopped by Mike Condon with a rebound.
1:19 of 2nd period - Iiro Pakarinen is hit by Andrew Ference and loses puck.
1:28 of 2nd period - Snap shot by Sven Baertschi.
1:28 of 2nd period - Shot Misses the Net.
1:30 of 2nd period - Wrist shot by Jared Boll.
1:30 of 2nd period - Stopped by Louis Domingue with a rebound.
1:32 of 2nd period - Wrist shot by Jared Boll.
1:32 of 2nd period - Stopped by Louis Domingue with a rebound.
1:39 of 2nd period - Minor Penalty to FARM PLAYER26 for Hooking.
1:40 of 2nd period - John Scott wins face-off versus Pierre-Edouard Bellemare in Whale zone.
3:14 of 2nd period - Penalty to Nick Tarnasky is over, Nick Tarnasky is back on ice.
3:39 of 2nd period - Penalty to FARM PLAYER26 is over, FARM PLAYER26 is back on ice.
4:51 of 2nd period - Icing by Brennan Evans.
4:52 of 2nd period - Scott Glennie wins face-off versus Brendan Woods in Whale zone.
5:32 of 2nd period - Wrist shot by Sven Baertschi.
5:32 of 2nd period - Stopped by Louis Domingue with a rebound.
5:34 of 2nd period - Slapshot by Mark Pysyk.
5:34 of 2nd period - Stopped by Louis Domingue with a rebound.
5:50 of 2nd period - Iiro Pakarinen is hit by Ben Hanowski and loses puck.
6:03 of 2nd period - Slapshot by Iiro Pakarinen.
6:03 of 2nd period - Stopped by Mike Condon with a rebound.
6:23 of 2nd period - Andrew Ference is hit by Brendan Woods and loses puck.
7:06 of 2nd period - Snap shot by Brendan Woods.
7:06 of 2nd period - Stopped by Mike Condon without a rebound.
7:07 of 2nd period - Tyler Kennedy wins face-off versus Nick Tarnasky in Comets zone.
7:07 of 2nd period - Tyler Kennedy is hit by Brendan Woods.
7:34 of 2nd period - 10 Minutes Misconduct Penalty to Corey Tropp is over.
7:45 of 2nd period - Slapshot by Shane Prince.
7:45 of 2nd period - Shot Misses the Net.
8:19 of 2nd period - Snap shot by Alan Quine.
8:19 of 2nd period - Stopped by Mike Condon without a rebound.
8:20 of 2nd period - Brendan Ranford wins face-off versus Ben Hanowski in Comets zone.
8:34 of 2nd period - Off-side.
8:35 of 2nd period - Brendan Woods wins face-off versus Ben Hanowski in neutral zone.
8:40 of 2nd period - Wrist shot by Brendan Woods.
8:40 of 2nd period - Shot Blocked by Keith Ballard.
8:42 of 2nd period - Slapshot by Darren Dietz.
8:42 of 2nd period - Stopped by Mike Condon with a rebound.
8:44 of 2nd period - Snap shot by Brendan Woods.
8:44 of 2nd period - Stopped by Mike Condon with a rebound.
8:48 of 2nd period - Backhand shot by Matt Halischuk.
8:48 of 2nd period - Shot Misses the Net.
9:16 of 2nd period - Minor Penalty to Mark Pysyk for Holding.
9:17 of 2nd period - John Scott wins face-off versus Pierre-Edouard Bellemare in Comets zone.
9:26 of 2nd period - Wrist shot by Corey Tropp.
9:26 of 2nd period - Stopped by Mike Condon without a rebound.
9:27 of 2nd period - Pierre-Edouard Bellemare wins face-off versus John Scott in Comets zone.
10:08 of 2nd period - Snap shot by John McCarthy.
10:08 of 2nd period - Shot Blocked by Andrew Ference.
10:10 of 2nd period - Snap shot by Brent Regner.
10:10 of 2nd period - Deflect By Keith Ballard.
10:10 of 2nd period - Stopped by Mike Condon with a rebound.
10:12 of 2nd period - Wrist shot by John McCarthy.
10:12 of 2nd period - Stopped by Mike Condon with a rebound.
11:00 of 2nd period - Wrist shot by Shane Prince.
11:00 of 2nd period - Shot Blocked by Derek Meech.
11:16 of 2nd period - Penalty to Mark Pysyk is over, Mark Pysyk is back on ice.
11:37 of 2nd period - Alan Quine is hit by Mike Sislo and loses puck.
11:59 of 2nd period - Slapshot by Sven Baertschi.
11:59 of 2nd period - Stopped by Louis Domingue without a rebound.
12:00 of 2nd period - Ethan Werek wins face-off versus Sven Baertschi in Whale zone.
12:12 of 2nd period - Minor Penalty to Dylan McIlrath for Hooking.
12:13 of 2nd period - Shane Prince wins face-off versus Tyler Kennedy in Comets zone.
13:13 of 2nd period - Tyler Kennedy is hit by Brennan Evans and loses puck.
13:26 of 2nd period - Backhand shot by Shane Prince.
13:26 of 2nd period - Shot Blocked by Andrew Ference.
14:12 of 2nd period - Penalty to Dylan McIlrath is over, Dylan McIlrath is back on ice.
14:29 of 2nd period - Snap shot by Jared Boll.
14:29 of 2nd period - Deflect By Sven Baertschi.
14:29 of 2nd period - Shot Blocked by Darren Dietz.
14:29 of 2nd period - Puck is out of play.
14:30 of 2nd period - Sven Baertschi wins face-off versus Alan Quine in Whale zone.
15:17 of 2nd period - Corey Tropp is hit by Dylan McIlrath and loses puck.
15:30 of 2nd period - Ben Hanowski is hit by Matt Halischuk.
15:52 of 2nd period - Alan Quine is hit by John Scott and loses puck.
16:08 of 2nd period - Brendan Gaunce is hit by Brent Regner and loses puck.
16:55 of 2nd period - Wrist shot by Nicklas Jensen.
16:55 of 2nd period - Shot Misses the Net.
17:29 of 2nd period - Corey Tropp is hit by John Scott and loses puck.
17:42 of 2nd period - Brendan Woods is hit by Jared Boll.
18:26 of 2nd period - Yann Sauve is hit by Pierre-Edouard Bellemare and loses puck.
19:01 of 2nd period - Brennan Evans is hit by Scott Glennie and loses puck.
19:58 of 2nd period - Snap shot by Brendan Ranford.
19:58 of 2nd period - Stopped by Mike Condon with a rebound.
Goals for this period are 0 for Comets vs 0 for Whale.
Shots for this period are 5 for Comets vs 11 for Whale.

3rd period


0:01 of 3rd period - Brendan Woods wins face-off versus Tyler Kennedy in neutral zone.
0:32 of 3rd period - Brent Regner is hit by Mike Sislo and loses puck.
1:15 of 3rd period - Minor Penalty to Brent Regner for Hooking.
1:16 of 3rd period - Pierre-Edouard Bellemare wins face-off versus John Scott in Whale zone.
1:26 of 3rd period - Pierre-Edouard Bellemare is hit by John Scott and loses puck.
2:53 of 3rd period - Snap shot by Sven Baertschi.
2:53 of 3rd period - Stopped by Louis Domingue without a rebound.
2:54 of 3rd period - Jared Boll wins face-off versus Shane Prince in Whale zone.
3:15 of 3rd period - Penalty to Brent Regner is over, Brent Regner is back on ice.
3:18 of 3rd period - Shane Prince is hit by John Scott.
3:39 of 3rd period - Snap shot by Nicklas Jensen.
3:39 of 3rd period - Stopped by Louis Domingue without a rebound.
3:40 of 3rd period - John McCarthy wins face-off versus Ben Hanowski in Whale zone.
3:55 of 3rd period - Corbin McPherson is hit by John McCarthy and loses puck.
4:21 of 3rd period - Snap shot by Alan Quine.
4:21 of 3rd period - Stopped by Mike Condon with a rebound.
4:34 of 3rd period - Brent Regner is hit by Corbin McPherson.
5:41 of 3rd period - Nick Tarnasky is hit by John Scott and loses puck.
5:46 of 3rd period - Slapshot by Keith Ballard.
5:46 of 3rd period - Stopped by Louis Domingue with a rebound.
5:56 of 3rd period - Jared Boll is hit by Nick Tarnasky.
6:18 of 3rd period - Snap shot by Keith Ballard.
6:18 of 3rd period - Deflect By Scott Glennie.
6:18 of 3rd period - Shot Misses the Net.
6:18 of 3rd period - Puck is out of play.
6:19 of 3rd period - Shane Prince wins face-off versus Scott Glennie in Whale zone.
6:23 of 3rd period - Off-side.
6:24 of 3rd period - Shane Prince wins face-off versus Scott Glennie in neutral zone.
6:35 of 3rd period - Wrist shot by Andrew Ference.
6:35 of 3rd period - Shot Misses the Net.
6:57 of 3rd period - Slapshot by Andrew Ference.
6:57 of 3rd period - Deflect By Brendan Ranford.
6:57 of 3rd period - Stopped by Louis Domingue with a rebound.
6:59 of 3rd period - Slapshot by Andrew Ference.
6:59 of 3rd period - Stopped by Louis Domingue with a rebound.
7:05 of 3rd period - Yann Sauve is hit by Alan Quine and loses puck.
7:22 of 3rd period - Snap shot by Sven Baertschi.
7:22 of 3rd period - Stopped by Louis Domingue with a rebound.
8:19 of 3rd period - Snap shot by Corey Tropp.
8:19 of 3rd period - Shot Blocked by Dylan McIlrath.
8:50 of 3rd period - Shane Prince is hit by Dylan McIlrath and loses puck.
9:43 of 3rd period - Andrew Ference is hit by Iiro Pakarinen and loses puck.
10:14 of 3rd period - Wrist shot by Keith Ballard.
10:14 of 3rd period - Shot Blocked by Ethan Werek.
10:25 of 3rd period - Icing by Brent Regner.
10:26 of 3rd period - Scott Glennie wins face-off versus Brendan Woods in Whale zone.
10:41 of 3rd period - Backhand shot by Brendan Gaunce.
10:41 of 3rd period - Stopped by Louis Domingue with a rebound.
11:12 of 3rd period - Icing by Derek Meech.
11:13 of 3rd period - Ethan Werek wins face-off versus Ben Hanowski in Comets zone.
12:19 of 3rd period - Ben Hanowski is hit by Alan Quine and loses puck.
12:32 of 3rd period - Slapshot by Landon Ferraro.
12:32 of 3rd period - Shot Blocked by Brendan Ranford.
12:53 of 3rd period - John McCarthy is hit by Keith Ballard and loses puck.
13:38 of 3rd period - Pierre-Edouard Bellemare is hit by Mark Pysyk.
13:42 of 3rd period - Pierre-Edouard Bellemare is hit by Derek Meech.
13:48 of 3rd period - Brendan Ranford is hit by John Scott and loses puck.
14:02 of 3rd period - Off-side.
14:03 of 3rd period - Shane Prince wins face-off versus Sven Baertschi in neutral zone.
14:10 of 3rd period - Wrist shot by Sven Baertschi.
14:10 of 3rd period - Shot Hit the Post.
14:12 of 3rd period - Snap shot by Jared Boll.
14:12 of 3rd period - Stopped by Louis Domingue with a rebound.
14:14 of 3rd period - Slapshot by Dylan McIlrath.
14:14 of 3rd period - Shot Misses the Net.
14:46 of 3rd period - Shane Prince is hit by Corbin McPherson and loses puck.
14:53 of 3rd period - Slapshot by Tyler Kennedy.
14:53 of 3rd period - Shot Misses the Net.
15:09 of 3rd period - Snap shot by Sven Baertschi.
15:09 of 3rd period - Deflect By Jeremy Welsh.
15:09 of 3rd period - Shot Misses the Net.
15:09 of 3rd period - Puck is out of play.
15:10 of 3rd period - Brendan Woods wins face-off versus Sven Baertschi in Whale zone.
15:58 of 3rd period - FARM PLAYER26 is hit by Scott Glennie and loses puck.
16:05 of 3rd period - Snap shot by Andrew Ference.
16:05 of 3rd period - Shot Misses the Net.
16:07 of 3rd period - Snap shot by Scott Glennie.
16:07 of 3rd period - Shot Misses the Net.
16:23 of 3rd period - Slapshot by Tyler Kennedy.
16:23 of 3rd period - Stopped by Louis Domingue with a rebound.
16:25 of 3rd period - Slapshot by Keith Ballard.
16:25 of 3rd period - Shot Misses the Net.
16:27 of 3rd period - Slapshot by Andrew Ference.
16:27 of 3rd period - Shot Blocked by Corey Tropp.
16:29 of 3rd period - Wrist shot by Keith Ballard.
16:29 of 3rd period - Stopped by Louis Domingue without a rebound.
16:30 of 3rd period - Alan Quine wins face-off versus Tyler Kennedy in Whale zone.
17:09 of 3rd period - Snap shot by Pierre-Edouard Bellemare.
17:09 of 3rd period - Shot Misses the Net.
18:05 of 3rd period - Alan Quine is hit by Mike Sislo and loses puck.
18:18 of 3rd period - Snap shot by Mike Sislo.
18:18 of 3rd period - Shot Misses the Net.
18:20 of 3rd period - Wrist shot by Brendan Gaunce.
18:20 of 3rd period - Shot Misses the Net.
18:22 of 3rd period - Slapshot by Andrew Ference.
18:22 of 3rd period - Stopped by Louis Domingue with a rebound.
18:24 of 3rd period - Snap shot by Brendan Gaunce.
18:24 of 3rd period - Shot Misses the Net.
18:26 of 3rd period - Snap shot by Andrew Ference.
18:26 of 3rd period - Deflect By Alan Quine.
18:26 of 3rd period - Stopped by Louis Domingue with a rebound.
19:09 of 3rd period - Derek Meech is hit by Darren Dietz and loses puck.
19:45 of 3rd period - Minor Penalty to FARM PLAYER16 for Hooking.
19:46 of 3rd period - Pierre-Edouard Bellemare wins face-off versus Jared Boll in Whale zone.
19:50 of 3rd period - Wrist shot by Matt Halischuk.
19:50 of 3rd period - Shot Misses the Net.
19:52 of 3rd period - Snap shot by Pierre-Edouard Bellemare.
19:52 of 3rd period - Shot Blocked by Mark Pysyk.
Goals for this period are 0 for Comets vs 0 for Whale.
Shots for this period are 12 for Comets vs 1 for Whale.